aen, chaotic female human Rogue $ * $ * $ = ---------- * $ $ $ ##.....>...| [ ####|).......| ` ####.(.......| ---------- ------------ # # #|........| |...<....| #|...........#######*##########/## #---------- |.........####)#|...@......| # ###### |........| #-..z.......-#####(# # # |......... ##|..).......| ######### # ##### ---------- ------------ ### --|-)---.- # --.---- # |.....[.`| ##-.....| ##.........| |....(| $ $ |..%.....| ##|.....| |..[...%.| % ------- $ * |.........########### ---------- aen the Pilferer Experience level: 11 Strength: 18 Dexterity: 18 Constitution: 19 Intelligence: 8 Wisdom: 11 Charisma: 9 Health: 0(104) Energy: 42(42) Def: 9 Gold: 2782 Moves: 24956 Dungeon seed: G76IyXMkfojqlSiz Game ID: aen_1529894703 Your Inventory: Coins $ - 2782 gold pieces Amulets u - a blessed amulet of ESP (being worn) Weapons h - a fixed +0 crysknife (alternate weapon; not wielded) k - the blessed rustproof +0 Stormbringer (weapon in hand) s - 14 +0 daggers (in quiver) G - 3 +1 daggers Q - a +0 dagger Armor e - an uncursed +0 elven cloak (being worn) n - an uncursed +0 elven leather helm (being worn) q - an uncursed +0 Hawaiian shirt (being worn) r - an uncursed +0 pair of jumping boots (being worn) y - an uncursed +0 dwarvish mithril-coat (being worn) Comestibles A - an uncursed lizard corpse O - an uncursed food ration S - 2 uncursed sprigs of wolfsbane X - an uncursed apple Scrolls o - a cursed scroll of teleportation Z - 2 uncursed scrolls of teleportation Spellbooks E - an uncursed spellbook of haste self Potions l - a blessed potion of full healing m - an uncursed potion of sickness p - an uncursed potion of hallucination v - a blessed potion of healing T - an uncursed potion of extra healing Rings f - an uncursed ring of polymorph control (on left hand) j - an uncursed ring of invisibility V - a blessed +1 ring of gain constitution (on right hand) Wands b - a wand of sleep (0:8) B - a wand of magic missile (0:3) C - a cursed wand of magic missile (0:4) P - a wand of sleep (0:4) U - a wand of striking (0:4) W - a wand of magic missile (0:3) Tools d - an uncursed lock pick w - an uncursed blindfold z - a +0 unicorn horn D - a blessed bag of holding Gems J - an uncursed luckstone R - an uncursed agate stone Contents of the bag of holding: 10336 gold pieces 4 +0 elven daggers 2 uncursed cream pies 11 uncursed food rations 2 uncursed lembas wafers 6 uncursed lumps of royal jelly an uncursed tripe ration an uncursed scroll of amnesia an uncursed scroll of blank paper a blessed scroll of charging an uncursed scroll of charging a blessed scroll of earth a cursed scroll of earth an uncursed scroll of enchant weapon a cursed scroll of enchant weapon an uncursed scroll of fire an uncursed scroll of identify a blessed scroll of light an uncursed scroll of magic mapping a cursed scroll of magic mapping an uncursed scroll of punishment named 150 an uncursed potion of acid a cursed potion of blindness an uncursed potion of confusion an uncursed potion of full healing an uncursed potion of healing an uncursed potion of invisibility an uncursed potion of levitation a cursed potion of sleeping an uncursed potion of speed an uncursed ring of levitation an uncursed ring of poison resistance an uncursed ring of protection from shape changers an uncursed ring of searching an uncursed ring of sustain ability an uncursed ring of sustain ability a wand of cold (0:7) a wand of cold (0:3) a wand of light (0:8) a wand of magic missile (0:7) a wand of magic missile (0:4) a wand of magic missile (0:4) a wand of make invisible (0:2) a wand of teleportation (0:6) an uncursed brass lantern (0:1036) a magic harp (0:7) an uncursed mirror a +0 unicorn horn a +0 unicorn horn an uncursed diamond an uncursed emerald an uncursed fluorite stone an uncursed garnet stone an uncursed jasper stone 5 uncursed opals 2 uncursed turquoise stones 4 uncursed worthless pieces of orange glass 2 uncursed worthless pieces of red glass 2 uncursed worthless pieces of white glass 4 uncursed worthless pieces of yellow glass Spells and supernatural/magical abilities: Name Level Category Fail Memory f - fireball 4 attack 100% 33% l - light 1* divination 100% 0% R - restore ability 4* healing 100% 0% W - pray for help -- divine ? -- Y - supernatural jump -- ability ? -- Your skills at the end: Fighting Skills two weapon combat [Skilled] Weapon Skills dagger [Expert] short sword [Basic] Spellcasting Skills Final Attributes: You were piously aligned. You were cold resistant. You were poison resistant. You were level-drain resistant. You saw invisible. You were telepathic. You had automatic searching. You were invisible to others. You were stealthy. You could jump. You had polymorph control. You were very lucky. You had extra luck. Bad luck did not time out for you. Good luck did not time out for you. You are dead. Vanquished creatures: a trapper a baby blue dragon 4 vampire lords a clay golem a lurker above an Aleax a golden naga 2 vampires a ghost a queen bee 3 giant mimics a doppelganger 2 long worms 4 couatls 3 stalkers 2 earth elementals a water elemental a hill giant a giant mummy 2 wargs 2 winter wolves 4 small mimics a glass piercer 2 xans 2 ettin mummies a quantum mechanic a troll a gelatinous cube a large dog 2 freezing spheres 2 flaming spheres 3 shocking spheres 5 tigers a gargoyle a dwarf king 3 tengu 2 ochre jellies a leocrotta an energy vortex 4 stone giants 2 elf mummies 2 human mummies a python 2 wraiths 2 ettin zombies 3 leather golems a Grey-elf 2 succubi an incubus a crocodile 3 giant beetles 2 quivering blobs 4 cockatrices 7 wolves 2 winter wolf cubs 2 lynxes a panther a spotted jelly 12 leprechauns 2 iron piercers 3 giant spiders 4 scorpions a horse 2 ice vortices 3 black lights 2 vampire bats 6 gnome kings 3 orc mummies a brown pudding a rust monster 3 owlbears 4 yetis 3 gold golems a werewolf a Green-elf 5 lizards 9 chickatrices a dog a dingo a housecat 3 dwarf lords 2 blue jellies 5 white unicorns 6 gray unicorns 4 dust vortices 4 ravens a plains centaur a gnome mummy 2 snakes 7 apes a human zombie 3 soldier ants 8 bugbears 2 wood nymphs 2 water nymphs 4 mountain nymphs 7 Mordor orcs an orc shaman 3 rock piercers 4 rock moles 3 fog clouds 3 yellow lights 4 shriekers 4 violet fungi 17 gnome lords 8 gnomish wizards a kobold mummy a red naga hatchling 2 black naga hatchlings 2 gray oozes 3 barrow wights 3 elf zombies 2 ghouls a straw golem a paper golem a jellyfish a baby crocodile 12 giant ants 3 little dogs 11 floating eyes 3 kittens 22 dwarves a kobold lord 2 kobold shamans 24 hill orcs a rothe 3 rabid rats 2 centipedes 4 giant bats a monkey 10 orc zombies 5 dwarf zombies 4 werejackals 12 iguanas 17 killer bees 4 acid blobs 7 coyotes 5 gas spores 8 hobbits a large kobold 13 hobgoblins 4 giant rats 5 cave spiders 4 brown molds 3 yellow molds 2 green molds 8 red molds 52 gnomes 3 garter snakes 3 gnome zombies 11 geckos 9 jackals 3 foxes 4 kobolds 9 goblins 2 sewer rats 14 grid bugs 2 bats 7 lichens 6 kobold zombies 15 newts 650 creatures vanquished. Voluntary challenges: You had been an atheist until turn 15372. You used a wielded weapon 655 times, starting on turn 180. You read items or engraved 85 times, starting on turn 396. You never genocided any monsters. You never polymorphed an object. You never changed form. You used no wishes. You never split a pudding. You wrote Elbereth's name 33 times, starting on turn 810. You violated your moral code, losing 38 points of alignment, starting on turn 11040. Dungeon overview: The Dungeons of Doom: levels 1 to 19 Level 1 some fountains a long staircase Level 2 a general store, a sink Level 3 a general store, a fountain stairs to The Gnomish Mines Level 4 a sink Level 5 a fountain Level 6 a potion shop Level 7 a fountain Level 8 Level 9 many fountains Level 10 a sink stairs to Sokoban Level 11 Level 12 Level 13 a fountain Level 14 an altar to Kos Level 15 Level 16 a temple to Issek, a fountain, a sink Level 17 Level 18 a fountain Level 19 <- You were here The Gnomish Mines: levels 4 to 11 Level 4 stairs to The Dungeons of Doom Level 5 Level 6 Level 7 many shops, a temple to Mog, some fountains Level 8 Level 9 Level 10 Level 11 Sokoban: levels 6 to 9 Level 6 Level 7 Level 8 Level 9 stairs to The Dungeons of Doom History has recorded: On T:1 you entered the Dungeons of Doom to retrieve the Amulet of Yendor! On T:388 you reached level 2 of The Dungeons of Doom. On T:833 you advanced to experience level 2. On T:1138 you reached level 3 of The Dungeons of Doom. On T:1681 you reached level 4 of The Dungeons of Doom. On T:1712 you advanced to experience level 3. On T:1762 you reached level 5 of The Dungeons of Doom. On T:1951 you reached level 1 of The Gnomish Mines. On T:1971 you reached level 2 of The Gnomish Mines. On T:2056 you advanced to experience level 4. On T:2301 you advanced to experience level 5. On T:3124 you reached level 6 of The Dungeons of Doom. On T:3128 you advanced to experience level 6. On T:4159 you reached level 7 of The Dungeons of Doom. On T:4858 you reached level 8 of The Dungeons of Doom. On T:4967 you reached level 9 of The Dungeons of Doom. On T:5036 you advanced to experience level 7. On T:6046 you reached level 10 of The Dungeons of Doom. On T:6256 you reached level 11 of The Dungeons of Doom. On T:6356 you advanced to experience level 8. On T:6406 you reached level 4 of Sokoban. On T:6725 you reached level 3 of Sokoban. On T:7643 you reached level 2 of Sokoban. On T:8186 you reached level 1 of Sokoban. On T:9744 you advanced to experience level 9. On T:11304 you reached level 12 of The Dungeons of Doom. On T:13020 you reached level 3 of The Gnomish Mines. On T:13358 you reached level 4 of The Gnomish Mines. On T:14922 you advanced to experience level 10. On T:15661 you reached level 5 of The Gnomish Mines. On T:16189 you reached level 6 of The Gnomish Mines. On T:16936 you reached level 7 of The Gnomish Mines. On T:17233 you reached level 8 of The Gnomish Mines. On T:20101 you reached level 13 of The Dungeons of Doom. On T:20848 you reached level 14 of The Dungeons of Doom. On T:20972 you advanced to experience level 11. On T:21997 you reached level 15 of The Dungeons of Doom. On T:22131 you received Stormbringer from Kos. On T:22208 you received Trollsbane from Kos. On T:22859 you reached level 16 of The Dungeons of Doom. On T:23118 you reached level 17 of The Dungeons of Doom. On T:23950 you reached level 18 of The Dungeons of Doom. On T:24204 you reached level 19 of The Dungeons of Doom. Score breakdown: Gold: 13118 (14007 points) Experience: 11 levels (17616 points) Exploration: 19 levels ( 38.78%) (18371 points) Discoveries: 61 items ( 20.47%) (13573 points) Valuables value: (no points given unless you survive) Artifact value: 8000 (13277 points) Variety of kills: 161 monsters ( 42.26%) (19501 points) Turncount: 24956 turns (-3729 points) Survival: died (score multiplied by 80%) Total score: 74092 Latest messages: You succeed in picking the lock. You trigger a trap! Suddenly you are frozen in place! You stop picking the lock. You can move again. You carefully open the large box... You have a little trouble removing E - a pink spellbook. Your movements are slowed slightly because of your load. You feel a wrenching sensation. You see here a cream pie. The zruty bumps right into you! The zruty hits! (2x) The zruty bites! The zruty hits! (2x) The zruty bites! The zruty hits! (2x) The zruty bites! The zruty hits! (2x) The zruty bites! You die... Final status: Goodbye aen the Rogue, killed by a zruty, while frozen by a spellbook... You died in The Dungeons of Doom on dungeon level 19 with 74092 points, and 13118 pieces of gold, after 24956 moves. You were level 11 with a maximum of 104 hit points when you died.